 Dungeon Crawl Stone Soup version 0.30-a0-311-gf115ab0292 (webtiles) character file.

Game seed: 10322680304641771488

2962 ytrimaz the Transmogrifier (level 9, -4/63 HPs)
             Began as an Octopode Transmuter on Oct 25, 2022.
             Was an Initiate of Ashenzari.
             Killed from afar by an acid dragon (27 damage)
             ... with a splash of acid
             ... on level 8 of the Dungeon.
             The game lasted 00:10:06 (7141 turns).

ytrimaz the Transmogrifier (Octopode Transmuter)    Turns: 7141, Time: 00:10:07

Health: -4/63      AC:  4    Str:  9    XL:     9   Next: 81%
Magic:  28/28      EV: 11    Int: 19    God:    Ashenzari [......]
Gold:   1528       SH:  0    Dex: 13    Spells: 12/22 levels left

rFire   . . .      SeeInvis +      - Unarmed
rCold   + + +      Faith    .    (shield currently unavailable)
rNeg    . . .      Spirit   .    (helmet currently unavailable)
rPois   +          Reflect  .    (no amulet)
rElec   .          Harm     .    c - ring of protection from cold
rCorr   .          Rampage  .    b - ring of magical power
Will    .....                    f - ring of see invisible
Stlth   +.........               g - +4 ring of slaying
HPRegen 0.30/turn                q - ring of protection from fire
MPRegen 0.21/turn                o - ring of wizardry
                                 (no ring)
                                 (no ring)

@: ice-form (expiring), corroded, studying Dodging
A: freezing attack, boosted hp, almost no armour, amphibious, 8 rings, large,
(camouflage 1), (gelatinous body 1), (nimble swimmer 1), (tentacles)
a: End Transformation, Renounce Religion, Curse Item


You were on level 8 of the Dungeon.
You worshipped Ashenzari.
Ashenzari was noncommittal.
You were a creature of crystalline ice.
You visited 2 branches of the dungeon, and saw 9 of its levels.

You collected 1578 gold pieces.
You spent 50 gold pieces at shops.


Innate Abilities, Weirdness & Mutations

You are a creature of crystalline ice.
You have a powerful freezing melee attack.
Your maximum health is increased.
Your armour is entirely melded.
You are incapable of wielding weapons or throwing items.
You cannot wear most types of armour.
You are amphibious.
You can wear up to eight rings at the same time.
((Your skin changes colour to match your surroundings (Stealth+).))
((Your rubbery body absorbs attacks. (AC +1, EV +1)))
((You are camouflaged when in or above water. (Stealth+)))
((You have tentacles for arms and can constrict up to eight enemies at once.))


   Skills:
 - Level 1.0 Fighting
 + Level 4.4 Dodging
 + Level 5.4 Unarmed Combat
 - Level 7.0 Spellcasting
 - Level 8.0 Transmutations
 - Level 4.0 Ice Magic
 - Level 4.0 Poison Magic


You had 12 spell levels left.
You knew the following spells:

 Your Spells              Type           Power      Damage    Failure   Level
a - Beastly Appendage     Tmut           74%        N/A       1%          1
b - Wereblood             Tmut           37%        N/A       1%          2
c - Spider Form           Tmut/Pois      29%        N/A       1%          3
d - Ice Form              Ice/Tmut       29%        N/A       3%          4

Your spell library contained the following spells:

 Spells                   Type           Power      Damage    Failure   Level
 Apportation              Tloc           12%        N/A       4%          1
 Necrotise                Necr           24%        1d5       4%          1
 Summon Small Mammal      Summ           24%        N/A       4%          1
 Sublimation of Blood     Necr           6%         N/A       6%          2
 Alistair's Intoxication  Tmut/Pois      19%        N/A       10%         5
 Eringya's Noxious Bog    Tmut/Pois      14%        N/A       45%         6
 Borgnjor's Vile Clutch   Necr/Erth      3%         N/A       69%         5
 Summon Hydra             Summ           3%         N/A       100%        7

Inventory:

Missiles
 d - 5 curare-tipped darts (quivered)
Jewellery
 b - a ring of magical power (right front paw)
   (You found it on level 1 of the Dungeon)
 c - a ring of protection from cold (left front paw)
   (You found it on level 1 of the Dungeon)
 f - a ring of see invisible (on tentacle)
   (You found it on level 1 of the Dungeon)
 g - a +4 ring of slaying (on tentacle)
   (You found it on level 1 of the Dungeon)
 o - a ring of wizardry (on tentacle)
   (You found it on level 4 of the Dungeon)
 q - a ring of protection from fire (on tentacle)
   (You found it on level 2 of the Dungeon)
 u - a +4 ring of protection
   (You found it on level 7 of the Dungeon)
 w - a +6 ring of dexterity
   (You took it off a gnoll on level 7 of the Dungeon)
Wands
 a - a wand of digging (7)
   (You took it off Sigmund on level 3 of the Dungeon)
 e - a wand of flame (33)
   (You took it off Ijyb on level 3 of the Dungeon)
Scrolls
 k - a scroll of fog
 v - a scroll of amnesia
 x - a scroll of identify
Potions
 i - 2 potions of mutation
 j - 2 potions of flight
 l - a potion of ambrosia
 m - 3 potions of brilliance
 n - a potion of resistance
 p - 2 potions of cancellation
 r - a potion of invisibility
 s - a potion of might
 t - 2 potions of lignification

Dungeon Overview and Level Annotations

Branches:
Dungeon (8/15) Zot: 26116  Temple (1/1) D:5 Zot: 5994
   Lair: D:8-11

Altars:
Ashenzari
Cheibriados
Dithmenos
Elyvilon
Fedhas
Gozag
Hepliaklqana
Kikubaaqudgha
Makhleb
Nemelex Xobeh
Okawaru
Qazlal
Ru
Sif Muna
Uskayaw
Vehumet
Wu Jian
Yredelemnul
Zin
The Shining One

Shops:
D:5

! ##..##.......#.#
#....#
######......#.#
#.##.. ##..#######
##..#.. ##..## ..#
##..##.# #..## ..#
#...#### #.## ####
..## ###..### #)#
###..###..##
##...#
#(###).....##..#
##...
#....)).#...Y..#
##..
#.#.##......##...#
#.. #.#..###..###
..#y.# #.)
#.##...####
.#..#y) #.. #..
#... #.#.. K #..
##. #.... . #..#
#). # #### #. #D.
##.. # #. ##..#
##..##


You could see an acid dragon (catching breath) and 2 killer bees.


Message History

You destroy the wight!
Your life force feels restored.
Your Dodging skill increases to level 4!
You now have 63 max hp (+1).
Unknown command.
The gnoll shouts!
You hear a shout! x2
A gnoll bouda comes into view. It is wielding a +0 club.
The gnoll throws a throwing net.
The throwing net barely misses you.
Things that are here:
a throwing net; a +0 trident; a +0 robe; 😕 MP[+1] Unknown command. 😕 HP[+1] 😕 MP[+1] 😕 HP[+1] 😕 HP[+1] 😕 MP[+1]
Your mp is fully restored (28).
The gnoll misses you.
You barely miss the gnoll.
The gnoll hits you with a +0 spear. 😕 HP[-1]
You take 1 damage, and now have 59/63 hp.
You punch the gnoll! You freeze the gnoll.
You kill the gnoll!
You see here a +0 spear.
A gnoll comes into view. It is wielding a +0 spear.
The gnoll shouts!
A gnoll comes into view. It is wielding a +0 spear.
The gnoll throws a throwing net.
The throwing net barely misses you.
Things that are here:
2 throwing nets; a +0 trident; a +0 robe The gnoll bouda shouts!
You hear a shout!
The gnoll bouda barks out a call to the hunt!
The gnolls pick up the pace!
A gnoll comes into view. It is wielding a +0 club.
The gnoll moves out of view. 😕 HP[+1] Unknown command.
The gnoll barely misses you.
A gnoll comes into view. It is wielding a +0 halberd.
The gnoll closely misses you. The gnoll hits you but does no damage.
The gnoll shouts!
You punch the gnoll! You freeze the gnoll.
You kill the gnoll!
The gnoll hits you with a +0 spear. 😕 HP[-2]
You take 2 damage, and now have 58/63 hp.
You pummel the gnoll!! You freeze the gnoll.
You kill the gnoll!
Unknown command.
You hit the gnoll. You freeze the gnoll. The gnoll barely misses you.
The gnoll bouda misses you.
You punch the gnoll! You freeze the gnoll. The gnoll closely misses you. x2
The gnoll bouda hits you but does no damage.
Unknown command.
You punch the gnoll! You freeze the gnoll.
You kill the gnoll!
The gnoll closely misses you.
The gnoll bouda hits you with a +0 club. 😕 HP[-1]
You take 1 damage, and now have 57/63 hp.
You punch the gnoll bouda! You freeze the gnoll bouda.
The gnoll barely misses you.
The gnoll bouda hits you with a +0 club. 😕 HP[-3]
You take 3 damage, and now have 54/63 hp.
You completely miss the gnoll bouda. The gnoll barely misses you.
The gnoll bouda hits you with a +0 club. 😕 HP[-5]
You take 5 damage, and now have 49/63 hp.
Unknown command.
You punch the gnoll bouda! You freeze the gnoll bouda.
You kill the gnoll bouda!
The gnoll hits you but does no damage. The gnoll misses you.
Items here: ( )) [ ††. 😕 HP[+1]
You punch the gnoll! You freeze the gnoll. The gnoll misses you.
You punch the gnoll! You freeze the gnoll.
You kill the gnoll!
Unknown command.
You see here a +0 halberd. 😕 HP[+1] 😕 HP[+1]
Your transformation is almost over.
An acid dragon comes into view. 😕 HP[+1]
A killer bee comes into view.
The killer bee buzzes angrily.
You hear a shout!
The acid dragon roars!
A killer bee comes into view.
A kobold brigand comes into view.
It is wielding a +0 whip and quivering poisoned darts.
The acid dragon spits acid at you. The splash of acid hits you!!
* * * LOW HITPOINT WARNING * * *
The acid corrodes you!
The killer bee moves out of view. 😨 HP[-30]
You take 30 damage, and now have 23/63 hp.
MASSIVE DAMAGE!! (PAUSE)
The acid dragon spits acid at you. The splash of acid hits you!!
You die...

Skill      XL: |  1  2  3  4  5  6  7  8  9 |
---------------+----------------------------+-----
Poison Magic   | 1 3 4 |  4.0
Ice Magic      | 3 4 |  4.0
Transmutations | 3 4 5 7 8 |  8.0
Spellcasting   | 4 6 7 |  7.0
Unarmed Combat | 5 |  5.4
Dodging        | 4 |  4.4
Fighting       | |  1.0

Action                   |  1- 3 |  4- 6 |  7- 9 || total
-------------------------+-------+-------+-------++-------
Melee: Unarmed           |    54 |    92 |   224 ||   370
       Constrict         |    13 |     4 |     9 ||    26
       Tentacles         |     7 |     3 |     6 ||    16
       Punch             |     1 |     2 |     1 ||     4
 Cast: Beastly Appendage |     1 |       |       ||     1
       Spider Form       |     2 |    10 |     7 ||    19
       Wereblood         |       |     2 |     5 ||     7
       Ice Form          |       |       |    20 ||    20
  Use: Scroll            |       |     8 |    15 ||    23
       Potion            |       |     2 |     8 ||    10
 Stab: Sleeping          |     6 |       |     2 ||     8
       Invisible         |       |       |     1 ||     1
Armor: Skin              |     4 |     8 |    89 ||   101
Dodge: Dodged            |    35 |    57 |   144 ||   236

Levels and vault maps discovered:
D:1:      scummos_arrival_gate, layout_basic, minmay_misc_feat_four_crosses,
          chequers_serial_rivers_marsh
D:2:      layout_rooms, minmay_3d_cube, uniq_terence
D:3:      layout_rooms, basic_ecumenical_altar, uniq_ijyb, uniq_sigmund,
          uniq_natasha
D:4:      kennysheep_slugbush, layout_basic
D:5:      layout_rooms, minmay_temple_entry_fiery, serial_shops, shop
D:6:      layout_basic, chequers_temple_overflow_minitemple
D:7:      layout_basic
D:8:      minmay_the_grid_octo_triangle [minmay_the_grid_octo_thin_diamonds,
          minmay_the_grid_octo_prize_square_snowflake,
          minmay_the_grid_octo_odd_swirl], layout_cave_pools, st_stairs_1,
          minmay_manual_mail, uniq_psyche, uniq_joseph
Temple:   minmay_freezing_vapour_temple

Notes
Turn   | Place    | Note
-------+----------+-------------------------------------------
     0 | D:1      | ytrimaz the Octopode Transmuter began the quest for the
                  | Orb.
     0 | D:1      | Reached XP level 1. HP: 13/13 MP: 3/3
     0 | D:1      | magus.rc [v1.9.6]
   284 | D:1      | Reached skill level 1 in Poison Magic
   368 | D:1      | Reached XP level 2. HP: 17/18 MP: 5/5
   637 | D:1      | Reached skill level 2 in Poison Magic
  1008 | D:2      | Reached skill level 3 in Poison Magic
  1008 | D:2      | Reached XP level 3. HP: 21/23 MP: 6/6
  1011 | D:2      | Learned a level 2 spell: Wereblood
  1015 | D:2      | Learned a level 3 spell: Spider Form
  1211 | D:2      | Noticed Terence
  1222 | D:2      | Killed Terence
  1223 | D:2      | Reached skill level 4 in Poison Magic
  1223 | D:2      | Reached XP level 4. HP: 26/28 MP: 7/7
  1380 | D:2      | Reached skill level 1 in Ice Magic
  1954 | D:3      | Noticed Sigmund
  1976 | D:3      | Killed Sigmund
  1977 | D:3      | Reached skill level 3 in Transmutations
  1977 | D:3      | Reached skill level 3 in Ice Magic
  1977 | D:3      | Reached XP level 5. HP: 33/33 MP: 8/8
  1977 | D:3      | Reached XP level 6. HP: 38/38 MP: 9/9
  2154 | D:3      | Noticed Ijyb
  2167 | D:3      | Noticed Natasha
  2179 | D:3      | Killed Natasha
  2180 | D:3      | Reached skill level 4 in Ice Magic
  2184 | D:3      | Killed Ijyb
  2309 | D:3      | Found a faded altar of an unknown god.
  2309 | D:3      | Noticed Natasha
  2336 | D:3      | Killed Natasha
  2337 | D:3      | Reached skill level 4 in Transmutations
  2531 | D:3      | Noticed Natasha
  2537 | D:3      | Killed Natasha
  2672 | D:3      | Reached XP level 7. HP: 28/43 MP: 10/10
  2999 | D:4      | Reached skill level 3 in Spellcasting
  3744 | D:4      | Learned a level 4 spell: Ice Form
  3771 | D:5      | Entered Level 5 of the Dungeon
  3804 | D:5      | Reached skill level 5 in Transmutations
  3844 | D:5      | Found Mumoexzerch's Distillery.
  3855 | D:5      | Bought a potion of heal wounds for 50 gold pieces
  3942 | D:5      | You pick up a book of Cantrips and begin reading...
  3942 | D:5      | You add the spells Necrotise, Summon Small Mammal and
                  | Apportation to your library.
  4165 | D:5      | Found a staircase to the Ecumenical Temple.
  4239 | Temple   | Entered the Ecumenical Temple
  4544 | D:6      | Reached skill level 4 in Spellcasting
  4608 | D:6      | Reached XP level 8. HP: 35/48 MP: 14/14
  4821 | D:6      | Reached skill level 6 in Transmutations
  5029 | D:6      | Found a stormy altar of Qazlal.
  5029 | D:6      | Found a broken altar of Ashenzari.
  5037 | D:6      | Found a sacrificial altar of Ru.
  5039 | D:6      | Found an iron altar of Okawaru.
  5041 | D:6      | Found a hide-covered altar of Uskayaw.
  5132 | D:6      | Became a worshipper of Ashenzari the Shackled
  5253 | D:6      | Identified a scroll of acquirement
  5254 | D:6      | Acquired 1129 gold pieces
  5343 | D:7      | HP: 8/57 [orc warrior/+0 scimitar (9)]
  5348 | D:7      | Reached skill level 5 in Spellcasting
  5623 | D:7      | You pick up a book of Blood and begin reading...
  5623 | D:7      | You add the spells Sublimation of Blood and Summon Hydra to
                  | your library.
  5709 | D:7      | Reached skill level 7 in Transmutations
  5986 | D:7      | Reached skill level 6 in Spellcasting
  6047 | D:7      | Reached XP level 9. HP: 53/53 MP: 18/18
  6365 | D:7      | Reached skill level 8 in Transmutations
  6546 | D:8      | Noticed Joseph
  6565 | D:8      | Killed Joseph
  6566 | D:8      | Reached skill level 4 in Unarmed Combat
  6566 | D:8      | Reached skill level 7 in Spellcasting
  6711 | D:8      | Noticed Psyche
  6716 | D:8      | HP: 9/63 [Psyche/+3 dagger of chaos (19)]
  6721 | D:8      | HP: 11/63 [bullfrog (6)]
  6732 | D:8      | Killed Psyche
  6733 | D:8      | Reached skill level 3 in Dodging
  6734 | D:8      | Reached skill level 5 in Unarmed Combat
  6883 | D:8      | You add the spells Alistair's Intoxication, Borgnjor's Vile
                  | Clutch and Eringya's Noxious Bog to your library.
  6956 | D:8      | Noticed a boulder beetle
  7101 | D:8      | Reached skill level 4 in Dodging
  7141 | D:8      | Killed from afar by an acid dragon

Vanquished Creatures
  Joseph (D:8)
  Psyche (D:8)
  Sigmund (D:3)
  A water moccasin (D:6)
  A sky beast (D:8)
  2 orc warriors
  An ice beast (D:7)
  A black bear (D:6)
  A centaur (D:8)
  A necrophage (D:7)
  4 bullfrogs
  A gnoll sergeant (D:7)
  5 wights
  3 howler monkeys (D:7)
  2 jellies
  2 hounds
  An orc priest (D:3)
  2 gnoll boudas
  Terence (D:2)
  Ijyb (D:3)
  Natasha (thrice) (D:3)
  2 iguanas
  5 orc wizards
  17 gnolls
  An adder (D:2)
  A shadow imp (D:5)
  3 white imps (D:7)
  2 ufetubi (D:7)
  2 worms
  9 dart slugs
  18 orcs
  6 bats
  6 endoplasms
  5 goblins
  4 hobgoblins
  7 kobolds
  6 quokkas
  6 ball pythons
  4 frilled lizards
  5 rats
145 creatures vanquished.

Table legend:
 A = Non-vault XP
 B = Vault XP
 C = Vault XP percentage of total XP
 D = Non-vault monster count
 E = Vault monster count
 F = Vault count percentage of total count
                 A         B        C        D         E       F
            +---------+---------+-------+---------+---------+-------
      Total |    2579 |    1653 |  39.1 |     123 |      22 |  15.2
            +---------+---------+-------+---------+---------+-------
        D:1 |      18 |       0 |   0.0 |      12 |       0 |   0.0
        D:2 |      42 |      49 |  53.8 |      15 |       6 |  28.6
        D:3 |     242 |     293 |  54.8 |      26 |       3 |  10.3
        D:4 |     142 |      24 |  14.5 |      15 |       6 |  28.6
        D:5 |     319 |       0 |   0.0 |      14 |       0 |   0.0
        D:6 |     411 |       0 |   0.0 |       7 |       0 |   0.0
        D:7 |    1049 |       0 |   0.0 |      23 |       0 |   0.0
        D:8 |     356 |    1287 |  78.3 |      11 |       7 |  38.9
            +---------+---------+-------+---------+---------+-------

Illustrated notes

Table legend:
 A = Kills in this place as a percentage of kills in entire the game.
 B = Kills by you in this place as a percentage of kills by you in the entire game.
 C = Kills by friends in this place as a percentage of kills by friends in the entire game.
 D = Other kills in this place as a percentage of other kills in the entire game.
 E = Experience gained in this place as a percentage of experience gained in the entire game.
 F = Experience gained in this place divided by the number of levels of this place that you have seen.
                   A       B       C       D       E      F
               +-------+-------+-------+-------+-------+----------------------
         Total | 100.0 | 100.0 |   N/A |   N/A | 100.0 | 470.2
       Dungeon | 100.0 | 100.0 |   N/A |   N/A | 100.0 | 529.0
               +-------+-------+-------+-------+-------+----------------------

Table legend: (Time is in decaauts)
 A = Elapsed time spent in this place.
 B = Non-inter-level travel time spent in this place.
 C = Inter-level travel time spent in this place.
 D = Time resting spent in this place.
 E = Time spent auto-exploring this place.
 F = Levels seen in this place.
 G = Mean time per level.
                   A        B        C        D        E       F      G
               +--------+--------+--------+--------+--------+-----+--------+
         Total |   7112 |   6669 |    443 |    380 |   5101 |   9 |  790.2 |
       Dungeon |   7106 |   6663 |    443 |    380 |   5100 |   8 |  888.2 |
        Temple |      5 |      5 |      0 |      0 |      1 |   1 |    5.0 |
               +--------+--------+--------+--------+--------+-----+--------+

Top non-repeatable levels by time:
     D:3: 1058 daAuts
     D:7: 979 daAuts
     D:1: 964 daAuts
     D:4: 950 daAuts
     D:8: 831 daAuts
     D:6: 827 daAuts
     D:2: 778 daAuts
     D:5: 716 daAuts
  Temple: 5 daAuts
